General information
- name: BNet
- type: Ladder team game (AT/RT)
- host: Battle.net
- saver: BigJake
map: FullScaleAssault
- players: 8
- length: 57:36
- speed: Fast
- version: 1.26 W3XP
- replay type: Public
» download(383 KB)
Players
team 1 (winner)
TWEEKINATOR3 (
red | 30 APM | 1677 actions | 55:33)
8 Death Knight
3 Death Coil
3 Unholy Aura
1 Animate Dead
1 Death Pact
» actions
| Assign group hotkey | 5 | |
| Basic commands | 8 | |
| Build / train | 64 | |
| Enter build submenu | 27 | |
| Enter hero's abilities submenu | 8 | |
| Give item / drop item | 4 | |
| Right click | 1121 | |
| Select / deselect | 351 | |
| Use ability | 89 | |
1677 total
» units
| Acolyte | 7 | |
| Ghoul | 10 | |
| Frost Wyrm | 8 | |
| Blue Dragon | 1 | |
| Blue Drake | 1 | |
27 total
» upgrades
| Creature Attack | 3 | |
| Creature Carapace | 3 | |
| Freezing Breath | 1 | |
7 total
» buildings
| Crypt | 1 | |
| Ziggurat | 12 | |
| Altar of Darkness | 1 | |
| Tomb of Relics | 1 | |
| Halls of the Dead | 1 | |
| Graveyard | 1 | |
| Black Citadel | 1 | |
| Necropolis | 1 | |
| Sacrificial Pit | 1 | |
| Boneyard | 3 | |
| Spirit Tower | 3 | |
| Nerubian Tower | 1 | |
27 total
» build order
00:15 Crypt
00:21 Ziggurat
00:36 Altar of Darkness
00:56 Tomb of Relics
01:19 Ziggurat
02:51 Halls of the Dead
03:15 Graveyard
04:15 Ziggurat
06:50 Black Citadel
07:33 Necropolis
07:50 Sacrificial Pit
07:53 Ziggurat
07:55 Ziggurat
08:38 Ziggurat
08:40 Ziggurat
08:42 Ziggurat
08:45 Ziggurat
08:47 Ziggurat
09:26 Boneyard
09:29 Boneyard
09:38 Spirit Tower
09:40 Spirit Tower
09:44 Spirit Tower
09:47 Nerubian Tower
10:33 Boneyard
22:42 Ziggurat
22:43 Ziggurat
» items
| Rod of Necromancy | 1 | |
| Orb of Corruption | 1 | |
| Scroll of Healing | 4 | |
| Scroll of Town Portal | 4 | |
| Potion of Lesser Invulnerability | 1 | |
| Potion of Healing | 3 | |
| Potion of Mana | 1 | |
15 total
swp51 (
teal | 40 APM | 1918 actions | 47:48)
7 Mountain King
3 Storm Bolt
3 Bash
1 Avatar
5 Paladin
3 Holy Light
1 Divine Shield
1 Devotion Aura
» actions
| Assign group hotkey | 26 | |
| Basic commands | 102 | |
| Build / train | 85 | |
| ESC pressed | 2 | |
| Enter build submenu | 27 | |
| Enter hero's abilities submenu | 12 | |
| Give item / drop item | 1 | |
| Remove unit from queue | 2 | |
| Right click | 691 | |
| Select / deselect | 375 | |
| Select group hotkey | 483 | |
| Use ability | 112 | |
1918 total
» units
| Peasant | 13 | |
| Footman | 4 | |
| Goblin Shredder | 1 | |
| Priest | 5 | |
| Knight | 5 | |
| Mortar Team | 5 | |
| Siege Engine | 5 | |
| Spell Breaker | 3 | |
| Flying Machine | 2 | |
43 total
» upgrades
| Gunpowder | 2 | |
| Barrage | 1 | |
| Priest Training | 2 | |
| Plating | 1 | |
| Animal War Training | 1 | |
| Swords | 1 | |
| Fragmentation Shards | 1 | |
| Flak Cannons | 1 | |
10 total
» buildings
| Altar of Kings | 1 | |
| Farm | 11 | |
| Barracks | 2 | |
| Lumber Mill | 1 | |
| Keep | 1 | |
| Town Hall | 4 | |
| Castle | 1 | |
| Arcane Sanctum | 2 | |
| Blacksmith | 1 | |
| Arcane Vault | 1 | |
| Workshop | 3 | |
28 total
» build order
01:06 Altar of Kings
01:09 Farm
01:49 Farm
01:53 Barracks
01:58 Barracks
03:00 Lumber Mill
03:39 Farm
03:41 Farm
04:07 Keep
04:53 Town Hall
05:11 Farm
05:18 Farm
05:19 Farm
06:29 Castle
07:12 Arcane Sanctum
07:15 Arcane Sanctum
07:21 Blacksmith
07:42 Arcane Vault
08:03 Workshop
08:07 Workshop
08:34 Workshop
08:48 Farm
10:38 Farm
11:13 Farm
11:40 Farm
16:49 Town Hall
20:34 Town Hall
27:08 Town Hall
» items
| Scroll of Regeneration | 2 | |
| Orb of Fire | 2 | |
| Scroll of Town Portal | 3 | |
| Potion of Lesser Invulnerability | 1 | |
| Boots of Speed | 1 | |
| Lesser Clarity Potion | 4 | |
| Healing Salve | 1 | |
14 total
ItsObamanation (
orange | 35 APM | 1855 actions | 53:35)
4 Blademaster
1 Wind Walk
1 Mirror Image
2 Critical Strike
3 Shadow Hunter
2 Healing Wave
1 Hex
2 Tauren Chieftain
1 Endurance Aura
1 War Stomp
» actions
| Assign group hotkey | 230 | |
| Build / train | 123 | |
| Enter build submenu | 36 | |
| Enter hero's abilities submenu | 9 | |
| Give item / drop item | 4 | |
| Remove unit from queue | 2 | |
| Right click | 625 | |
| Select / deselect | 448 | |
| Select group hotkey | 186 | |
| Use ability | 191 | |
1855 total
» units
| Peon | 15 | |
| Troll Headhunter/Berserker | 21 | |
| Raider | 31 | |
67 total
» upgrades
| Armor | 3 | |
| Ranged Weapons | 3 | |
| Spiked Barricades | 2 | |
| Pillage | 1 | |
| Troll Regeneration | 1 | |
| Melee Weapons | 3 | |
| Ensnare | 1 | |
| Reinforced Defenses | 1 | |
| Berserker Upgrade | 1 | |
| Backpack | 1 | |
17 total
» buildings
| Altar of Storms | 2 | |
| Orc Burrow | 8 | |
| Barracks | 1 | |
| Voodoo Lounge | 2 | |
| War Mill | 1 | |
| Stronghold | 1 | |
| Beastiary | 1 | |
| Fortress | 1 | |
| Watch Tower | 12 | |
| Great Hall | 4 | |
33 total
» build order
00:12 Altar of Storms
00:17 Orc Burrow
01:05 Barracks
01:39 Orc Burrow
02:00 Voodoo Lounge
02:16 War Mill
03:41 Stronghold
03:45 Orc Burrow
06:26 Beastiary
06:41 Orc Burrow
07:24 Fortress
12:31 Watch Tower
12:36 Watch Tower
16:06 Watch Tower
16:21 Watch Tower
17:38 Great Hall
17:43 Watch Tower
17:50 Watch Tower
19:08 Voodoo Lounge
20:53 Great Hall
20:56 Watch Tower
21:23 Watch Tower
21:35 Orc Burrow
21:38 Orc Burrow
21:41 Orc Burrow
26:01 Watch Tower
27:56 Watch Tower
27:59 Watch Tower
33:31 Great Hall
35:42 Watch Tower
40:09 Great Hall
50:29 Altar of Storms
50:43 Orc Burrow
» items
| Healing Salve | 3 | |
| Potion of Lesser Invulnerability | 9 | |
| Scroll of Town Portal | 4 | |
| Orb of Lightning | 1 | |
| Periapt of Vitality | 3 | |
| Circlet of Nobility | 2 | |
| Lesser Clarity Potion | 1 | |
23 total
WhereBeJakeAt. (
blue | 81 APM | 4693 actions | 57:36)
9 Archmage
3 Summon Water Elemental
3 Brilliance Aura
2 Blizzard
1 Mass Teleport
» actions
| Assign group hotkey | 171 | |
| Basic commands | 260 | |
| Build / train | 300 | |
| ESC pressed | 8 | |
| Enter build submenu | 69 | |
| Enter hero's abilities submenu | 12 | |
| Give item / drop item | 5 | |
| Remove unit from queue | 1 | |
| Right click | 1610 | |
| Select / deselect | 599 | |
| Select group hotkey | 1386 | |
| Use ability | 270 | |
4693 total
» units
| Peasant | 34 | |
| Footman | 4 | |
| Rifleman | 17 | |
| Mortar Team | 4 | |
| Goblin Shredder | 6 | |
| Goblin Zeppelin | 13 | |
| Siege Engine | 11 | |
| Dragonhawk Rider | 6 | |
95 total
» upgrades
| Defend | 0 | |
| Swords | 3 | |
| Armor | 3 | |
| Gunpowder | 4 | |
| Masonry | 3 | |
| Fragmentation Shards | 1 | |
| Animal War Training | 2 | |
| Long Rifles | 1 | |
| Flare | 1 | |
| Barrage | 1 | |
| Plating | 3 | |
| Storm Hammers | 1 | |
| Cloud | 1 | |
| Lumber Harvesting | 1 | |
25 total
» buildings
| Altar of Kings | 1 | |
| Farm | 9 | |
| Barracks | 3 | |
| Arcane Vault | 1 | |
| Blacksmith | 1 | |
| Town Hall | 10 | |
| Keep | 8 | |
| Scout Tower | 50 | |
| Castle | 8 | |
| Workshop | 3 | |
| Lumber Mill | 1 | |
| Guard Tower | 85 | |
| Gryphon Aviary | 3 | |
183 total
» build order
00:20 Altar of Kings
00:39 Farm
01:05 Barracks
01:17 Farm
01:22 Farm
01:48 Arcane Vault
02:22 Blacksmith
03:27 Farm
04:05 Town Hall
04:22 Farm
05:21 Keep
05:21 Keep
05:22 Keep
07:26 Scout Tower
07:27 Scout Tower
07:28 Scout Tower
07:29 Scout Tower
07:30 Scout Tower
07:40 Scout Tower
07:42 Scout Tower
07:45 Castle
07:45 Castle
07:45 Castle
07:45 Castle
07:50 Workshop
08:36 Lumber Mill
08:45 Scout Tower
08:47 Scout Tower
10:02 Guard Tower
10:03 Guard Tower
10:03 Guard Tower
10:06 Guard Tower
10:06 Guard Tower
10:06 Guard Tower
12:04 Guard Tower
12:04 Guard Tower
12:04 Guard Tower
12:19 Gryphon Aviary
13:04 Farm
13:05 Farm
14:36 Scout Tower
14:37 Scout Tower
14:37 Scout Tower
15:02 Guard Tower
15:03 Guard Tower
15:03 Guard Tower
15:05 Scout Tower
15:08 Scout Tower
15:11 Guard Tower
16:44 Guard Tower
16:44 Guard Tower
16:44 Guard Tower
17:19 Barracks
17:21 Barracks
17:24 Workshop
17:25 Workshop
17:29 Gryphon Aviary
17:29 Gryphon Aviary
19:40 Town Hall
19:43 Scout Tower
19:43 Scout Tower
19:44 Scout Tower
19:47 Scout Tower
19:48 Scout Tower
19:49 Scout Tower
19:50 Scout Tower
19:50 Scout Tower
19:51 Scout Tower
19:53 Scout Tower
19:54 Scout Tower
19:55 Scout Tower
19:55 Scout Tower
20:20 Guard Tower
20:20 Guard Tower
20:20 Guard Tower
20:25 Guard Tower
20:25 Guard Tower
20:26 Guard Tower
20:26 Guard Tower
20:45 Guard Tower
20:45 Guard Tower
20:45 Guard Tower
20:45 Guard Tower
21:19 Guard Tower
21:19 Guard Tower
21:20 Guard Tower
21:25 Scout Tower
21:29 Scout Tower
22:04 Farm
22:06 Farm
24:57 Guard Tower
24:57 Guard Tower
24:57 Guard Tower
24:58 Guard Tower
24:58 Guard Tower
24:58 Guard Tower
24:58 Keep
24:59 Keep
24:59 Keep
30:29 Town Hall
30:35 Scout Tower
30:36 Scout Tower
30:37 Scout Tower
30:38 Scout Tower
31:13 Guard Tower
31:13 Guard Tower
31:14 Guard Tower
31:15 Scout Tower
31:16 Scout Tower
31:18 Scout Tower
31:19 Scout Tower
31:48 Guard Tower
31:48 Guard Tower
31:48 Guard Tower
31:53 Guard Tower
31:53 Guard Tower
33:41 Scout Tower
36:59 Town Hall
37:01 Scout Tower
37:02 Scout Tower
37:04 Scout Tower
37:05 Scout Tower
37:15 Scout Tower
37:16 Scout Tower
37:18 Scout Tower
37:19 Scout Tower
37:20 Scout Tower
37:20 Scout Tower
37:22 Scout Tower
37:23 Scout Tower
37:42 Guard Tower
37:42 Guard Tower
37:42 Guard Tower
37:43 Guard Tower
38:06 Guard Tower
38:07 Guard Tower
38:07 Guard Tower
38:11 Guard Tower
38:11 Guard Tower
38:12 Guard Tower
38:12 Guard Tower
38:33 Guard Tower
38:33 Guard Tower
38:33 Guard Tower
38:33 Guard Tower
40:09 Guard Tower
40:10 Guard Tower
40:10 Guard Tower
42:13 Castle
42:14 Castle
42:29 Town Hall
42:34 Town Hall
45:07 Town Hall
45:34 Town Hall
46:10 Town Hall
47:21 Town Hall
» items
| Scroll of Regeneration | 3 | |
| Mechanical Critter | 3 | |
| Periapt of Vitality | 1 | |
| Staff of Teleportation | 1 | |
| Tome of Retraining | 1 | |
| Scroll of Town Portal | 5 | |
| Staff of Sanctuary | 1 | |
| Orb of Lightning | 1 | |
16 total
team 2 (loser)

»
Feedback (
pink | 92 APM | 4521 actions | 48:56)
9 Keeper of the Grove
3 Entangling Roots
3 Thorns Aura
1 Tranquility
2 Force of Nature
8 Beastmaster
3 Summon Quilbeast
3 Summon Hawk
1 Stampede
1 Summon Bear
» actions
| Assign group hotkey | 61 | |
| Basic commands | 237 | |
| Build / train | 96 | |
| Enter build submenu | 21 | |
| Enter hero's abilities submenu | 18 | |
| Give item / drop item | 7 | |
| Remove unit from queue | 1 | |
| Right click | 1494 | |
| Select / deselect | 890 | |
| Select group hotkey | 1496 | |
| Use ability | 200 | |
4521 total
» units
| Wisp | 22 | |
| Archer | 7 | |
| Goblin Shredder | 1 | |
| Dryad | 10 | |
| Druid of the Claw | 4 | |
44 total
» upgrades
| Ultravision | 1 | |
| Well Spring | 1 | |
| Strength of the Wild | 3 | |
| Reinforced Hides | 3 | |
| Abolish Magic | 1 | |
| Druid of the Claw Training | 2 | |
| Mark of the Claw | 1 | |
| Nature's Blessing | 1 | |
13 total
» buildings
| Moon Well | 6 | |
| Altar of Elders | 1 | |
| Ancient of War | 1 | |
| Ancient of Wonders | 1 | |
| Tree of Ages | 1 | |
| Tree of Eternity | 1 | |
| Hunter's Hall | 1 | |
| Tree of Life | 4 | |
| Ancient of Lore | 3 | |
19 total
» build order
00:05 Moon Well
00:11 Altar of Elders
00:24 Ancient of War
01:22 Moon Well
02:12 Ancient of Wonders
03:15 Tree of Ages
03:46 Moon Well
04:27 Moon Well
05:56 Tree of Eternity
05:59 Hunter's Hall
07:12 Moon Well
07:39 Tree of Life
10:02 Ancient of Lore
10:32 Ancient of Lore
10:49 Ancient of Lore
14:01 Tree of Life
14:26 Moon Well
17:44 Tree of Life
22:31 Tree of Life
» items
| Dust of Appearance | 1 | |
| Lesser Clarity Potion | 4 | |
| Boots of Speed | 2 | |
| Scroll of Town Portal | 7 | |
| Scroll of Regeneration | 1 | |
| Circlet of Nobility | 1 | |
| Potion of Healing | 1 | |
17 total

»
SirEnderWiggin (
purple | 59 APM | 2583 actions | 43:52)
7 Demon Hunter
2 Immolation
3 Evasion
1 Mana Burn
1 Metamorphosis
4 Priestess of the Moon
2 Trueshot Aura
1 Scout
1 Searing Arrows
4 Pandaren Brewmaster
2 Breath of Fire
1 Drunken Haze
1 Drunken Brawler
» actions
| Assign group hotkey | 99 | |
| Basic commands | 12 | |
| Build / train | 119 | |
| Enter build submenu | 21 | |
| Enter hero's abilities submenu | 16 | |
| Give item / drop item | 13 | |
| Right click | 969 | |
| Select / deselect | 440 | |
| Select group hotkey | 727 | |
| Use ability | 166 | |
2583 total
» units
| Wisp | 21 | |
| Archer | 14 | |
| Hippogryph | 12 | |
| Druid of the Talon | 2 | |
| Chimaera | 4 | |
53 total
» upgrades
| Strength of the Moon | 2 | |
| Moon Armor | 1 | |
| Improved Bows | 1 | |
| Hippogryph Taming | 1 | |
| Well Spring | 1 | |
| Marksmanship | 1 | |
| Reinforced Hides | 3 | |
| Strength of the Wild | 2 | |
| Druid of the Talon Training | 2 | |
| Corrosive Breath | 1 | |
| Mark of the Talon | 1 | |
| Nature's Blessing | 1 | |
| Ultravision | 1 | |
18 total
» buildings
| Moon Well | 10 | |
| Altar of Elders | 1 | |
| Ancient of War | 2 | |
| Tree of Life | 1 | |
| Ancient of Wonders | 1 | |
| Tree of Ages | 1 | |
| Hunter's Hall | 1 | |
| Ancient of Wind | 2 | |
| Tree of Eternity | 1 | |
| Chimaera Roost | 2 | |
22 total
» build order
00:31 Moon Well
00:36 Altar of Elders
01:15 Ancient of War
02:04 Tree of Life
02:54 Moon Well
03:06 Ancient of Wonders
03:14 Ancient of War
03:49 Moon Well
05:31 Tree of Ages
05:47 Hunter's Hall
08:13 Ancient of Wind
09:25 Ancient of Wind
09:41 Moon Well
10:42 Tree of Eternity
10:45 Moon Well
11:56 Moon Well
16:02 Chimaera Roost
16:04 Chimaera Roost
17:40 Moon Well
17:41 Moon Well
18:37 Moon Well
19:46 Moon Well
» items
| Dust of Appearance | 1 | |
| Potion of Healing | 10 | |
| Moonstone | 1 | |
| Scroll of Town Portal | 6 | |
| Staff of Preservation | 2 | |
| Orb of Venom | 2 | |
| Anti-magic Potion | 4 | |
| Staff of Teleportation | 1 | |
27 total
BigJake (
yellow | 47 APM | 2692 actions | 57:36)
9 Archmage
3 Summon Water Elemental
3 Brilliance Aura
1 Mass Teleport
2 Blizzard
» actions
| Assign group hotkey | 95 | |
| Basic commands | 70 | |
| Build / train | 127 | |
| Enter build submenu | 77 | |
| Enter hero's abilities submenu | 10 | |
| Give item / drop item | 6 | |
| Right click | 1151 | |
| Select / deselect | 544 | |
| Select group hotkey | 325 | |
| Use ability | 287 | |
2692 total
» units
| Peasant | 17 | |
| Footman | 4 | |
| Goblin Shredder | 1 | |
| Gryphon Rider | 9 | |
| Goblin Zeppelin | 7 | |
| Goblin Sapper | 9 | |
| Dragonhawk Rider | 9 | |
| Siege Engine | 1 | |
| Blue Dragon | 2 | |
59 total
» upgrades
| Masonry | 3 | |
| Swords | 3 | |
| Armor | 4 | |
| Animal War Training | 1 | |
| Storm Hammers | 1 | |
| Cloud | 1 | |
| Gunpowder | 3 | |
| Plating | 3 | |
| Barrage | 1 | |
20 total
» buildings
| Altar of Kings | 1 | |
| Barracks | 1 | |
| Farm | 14 | |
| Scout Tower | 65 | |
| Arcane Tower | 1 | |
| Keep | 1 | |
| Arcane Vault | 2 | |
| Lumber Mill | 2 | |
| Town Hall | 4 | |
| Guard Tower | 13 | |
| Castle | 1 | |
| Gryphon Aviary | 4 | |
| Blacksmith | 2 | |
| Workshop | 5 | |
116 total
» build order
00:37 Altar of Kings
00:38 Barracks
01:00 Farm
01:03 Farm
01:05 Farm
01:11 Farm
01:37 Farm
02:22 Scout Tower
03:04 Arcane Tower
03:37 Keep
03:45 Arcane Vault
03:52 Farm
05:11 Lumber Mill
05:18 Town Hall
05:22 Scout Tower
05:22 Scout Tower
05:28 Scout Tower
05:29 Scout Tower
05:35 Scout Tower
06:13 Guard Tower
07:16 Castle
07:22 Scout Tower
07:24 Scout Tower
07:25 Scout Tower
07:27 Scout Tower
07:28 Scout Tower
07:29 Scout Tower
07:30 Scout Tower
08:30 Guard Tower
08:36 Gryphon Aviary
08:37 Gryphon Aviary
08:38 Gryphon Aviary
08:39 Gryphon Aviary
08:43 Blacksmith
08:46 Blacksmith
10:35 Guard Tower
11:11 Scout Tower
11:12 Scout Tower
11:13 Scout Tower
11:14 Scout Tower
11:15 Scout Tower
11:16 Scout Tower
11:17 Scout Tower
11:18 Scout Tower
11:19 Scout Tower
11:20 Scout Tower
11:21 Scout Tower
11:22 Scout Tower
11:22 Scout Tower
11:25 Scout Tower
11:25 Scout Tower
11:26 Scout Tower
11:27 Scout Tower
12:11 Scout Tower
12:11 Scout Tower
12:12 Scout Tower
12:12 Scout Tower
12:12 Scout Tower
12:13 Scout Tower
12:13 Scout Tower
12:14 Scout Tower
12:14 Scout Tower
12:15 Scout Tower
16:20 Guard Tower
16:30 Guard Tower
16:49 Lumber Mill
17:16 Guard Tower
18:22 Guard Tower
18:28 Guard Tower
20:35 Workshop
20:35 Workshop
20:39 Workshop
20:40 Workshop
20:44 Workshop
21:05 Farm
21:06 Farm
21:06 Farm
21:09 Farm
21:10 Farm
21:16 Farm
21:25 Farm
21:26 Farm
27:12 Town Hall
27:16 Scout Tower
27:16 Scout Tower
27:16 Scout Tower
27:17 Scout Tower
27:18 Scout Tower
27:18 Scout Tower
27:19 Scout Tower
27:19 Scout Tower
27:20 Scout Tower
27:20 Scout Tower
27:21 Scout Tower
27:22 Scout Tower
27:29 Arcane Vault
31:20 Guard Tower
33:37 Town Hall
33:40 Scout Tower
33:41 Scout Tower
33:42 Scout Tower
33:43 Scout Tower
33:44 Scout Tower
33:44 Scout Tower
33:44 Scout Tower
33:53 Scout Tower
33:54 Scout Tower
33:54 Scout Tower
33:54 Scout Tower
34:11 Guard Tower
34:24 Guard Tower
34:48 Guard Tower
34:57 Guard Tower
39:01 Town Hall
» items
| Scroll of Regeneration | 6 | |
| Mechanical Critter | 4 | |
| Dust of Appearance | 2 | |
| Potion of Healing | 1 | |
| Scroll of Town Portal | 6 | |
| Periapt of Vitality | 2 | |
| Staff of Sanctuary | 1 | |
22 total

»
ruhmond (
green | 58 APM | 2538 actions | 43:41)
8 Goblin Alchemist
3 Chemical Rage
3 Healing Spray
1 Transmute
1 Acid Bomb
» actions
| Basic commands | 14 | |
| Build / train | 127 | |
| Enter build submenu | 43 | |
| Enter hero's abilities submenu | 8 | |
| Give item / drop item | 3 | |
| Remove unit from queue | 5 | |
| Right click | 1233 | |
| Select / deselect | 891 | |
| Use ability | 213 | |
2538 total
» units
| Wisp | 44 | |
| Archer | 10 | |
| Goblin Zeppelin | 3 | |
| Hippogryph | 18 | |
| Blue Dragon | 5 | |
| Chimaera | 10 | |
90 total
» upgrades
| Strength of the Moon | 2 | |
| Moon Armor | 2 | |
| Hippogryph Taming | 1 | |
| Improved Bows | 1 | |
| Strength of the Wild | 3 | |
| Reinforced Hides | 3 | |
| Corrosive Breath | 1 | |
13 total
» buildings
| Altar of Elders | 1 | |
| Moon Well | 8 | |
| Ancient of War | 2 | |
| Hunter's Hall | 1 | |
| Tree of Ages | 2 | |
| Ancient Protector | 18 | |
| Tree of Life | 2 | |
| Ancient of Wind | 2 | |
| Tree of Eternity | 1 | |
| Chimaera Roost | 3 | |
| Ancient of Wonders | 1 | |
41 total
» build order
00:46 Altar of Elders
00:48 Moon Well
00:51 Ancient of War
00:58 Moon Well
02:28 Moon Well
03:37 Ancient of War
04:00 Hunter's Hall
05:03 Tree of Ages
05:48 Ancient Protector
05:51 Ancient Protector
06:11 Tree of Life
07:22 Ancient Protector
07:25 Tree of Ages
07:34 Ancient Protector
08:22 Moon Well
09:54 Ancient of Wind
09:57 Ancient of Wind
10:04 Ancient Protector
10:07 Ancient Protector
10:42 Moon Well
11:57 Tree of Life
14:31 Ancient Protector
14:34 Ancient Protector
14:36 Ancient Protector
14:40 Ancient Protector
16:32 Tree of Eternity
17:05 Moon Well
17:08 Moon Well
17:11 Moon Well
18:01 Ancient Protector
18:02 Ancient Protector
18:06 Ancient Protector
18:13 Ancient Protector
18:16 Ancient Protector
19:16 Chimaera Roost
19:18 Chimaera Roost
19:21 Chimaera Roost
24:36 Ancient Protector
24:37 Ancient Protector
27:41 Ancient Protector
28:23 Ancient of Wonders
» items
| Scroll of Town Portal | 3 | |
| Potion of Lesser Invulnerability | 2 | |
| Boots of Speed | 1 | |
| Periapt of Vitality | 1 | |
7 total
Chat log
(00:48 / Allies) SirEnderWiggin: arch rider chim
(00:58 / All) BigJake: how much meth do you smoke a day tweekinator
(00:58 / Allies) Feedback: archers to giants talons
(01:06 / All) TWEEKINATOR3: none
(01:11 / All) ItsObamanation: 3.5 in 2 days
(01:22 / All) BigJake: fucking slacker
(01:32 / All) ItsObamanation: its $60 an 8th here
(01:33 / All) BigJake: if there's one thing I can't abide it's a slacker
(01:42 / All) WhereBeJakeAt.: you got a slacker on your team?
(01:47 / All) ItsObamanation: i live in ND very little weed
(01:48 / All) BigJake: red on your team
(01:57 / All) WhereBeJakeAt.: what'd he do?
(02:00 / All) WhereBeJakeAt.: you play with him before?
(02:03 / All) BigJake: smokes dope
(02:25 / All) ItsObamanation: i am broke because of the weed prices here
(02:31 / All) BigJake: get a job
(02:37 / All) ItsObamanation: i have a job
(02:38 / All) ruhmond: weed is cheap
(02:43 / All) ItsObamanation: or i wouldnt be able to buy any kid
(02:44 / All) BigJake: get a non fasta food job
(02:55 / All) ItsObamanation: North dakota kid
(03:01 / All) ruhmond: Cali over here
(03:01 / All) ItsObamanation: its not cheap here bitch
(03:08 / Allies) ruhmond: s
(03:10 / All) ruhmond: sucks to be u
(03:10 / All) ItsObamanation: its 20 a gram here
(03:14 / All) ItsObamanation: 60 an 8th
(03:17 / All) ItsObamanation: i am from cali
(03:21 / All) ItsObamanation: i get 10 a grma n cali
(03:30 / All) ItsObamanation: i am from san diego
(04:04 / All) ItsObamanation: i work at pizza hut
(04:06 / All) ItsObamanation: i make 12 an hour
(04:23 / All) ruhmond: i work retaurant
(04:26 / All) ruhmond: ig et tip
(04:27 / All) ItsObamanation: and tips when i serve
(04:36 / All) ItsObamanation: i am a cook also
(04:43 / All) ItsObamanation: i also do dishes and answer phones
(04:51 / All) ItsObamanation: customer servie take orders
(04:55 / All) ItsObamanation: i work hard
(04:56 / All) ruhmond: i forgot to mention im pro at fapping
(05:28 / All) ItsObamanation: so yeah fuck off
(05:42 / All) ItsObamanation: i work and i'm still broke
(05:45 / All) ItsObamanation: fuck off
(05:54 / All) ItsObamanation: i work monday-friday
(05:57 / All) ItsObamanation: sat and sunday off
(06:00 / All) SirEnderWiggin: I raise a family of two kids and a third child support...
(06:02 / All) ItsObamanation: thats why i am playing
(06:06 / All) SirEnderWiggin: smoke the good shit..
(06:10 / All) SirEnderWiggin: get a real job
(06:15 / All) ItsObamanation: i just did smoke
(12:41 / Allies) SirEnderWiggin: comin
(13:19 / Allies) BigJake: lumber
(13:49 / All) ruhmond: mh
(14:09 / Allies) Feedback: we need hit
(14:50 / Allies) Feedback: yellow
(14:52 / Allies) Feedback: stop massing air
(16:34 / Allies) BigJake: lumber
(16:48 / Allies) Feedback: fucking over
(16:53 / Allies) Feedback: yellow doing shit
(16:53 / Allies) BigJake: it's not
(16:57 / Allies) BigJake: lol
(16:59 / Allies) BigJake: blame me ya faggot
(17:04 / Allies) BigJake: I took out teals' expo
(17:06 / Allies) BigJake: what have oyu done
(19:26 / All) ItsObamanation: map hackers
(19:27 / All) ItsObamanation: Wtf
(19:30 / All) ItsObamanation: i wasnt looking
(19:32 / All) ItsObamanation: and look
(19:35 / All) ItsObamanation: they map hack
(19:40 / All) ItsObamanation: fuck you fake nggers
(22:56 / Allies) Feedback: lol
(23:00 / Allies) Feedback: orange so suxs
(23:24 / All) Feedback: orange you suxs!
(23:32 / All) ItsObamanation: wow
(23:33 / All) ItsObamanation: fuck
(23:38 / All) ItsObamanation: map hackers
(23:44 / All) Feedback: YOU SUXS!
(23:48 / All) Feedback: DUMB ATTACKS NOOB
(23:53 / All) ItsObamanation: u jumped me bitch
(23:59 / All) ItsObamanation: id fuck u up 1v1 in a new game
(24:03 / All) Feedback: I SAW YOU WALKING IDIOT
(27:58 / Allies) SirEnderWiggin: gold?
(28:15 / Allies) Feedback: teleport to me yellow
(28:21 / Allies) BigJake: k
(29:31 / Allies) Feedback: i am out
(29:51 / Allies) Feedback: we loose
(29:52 / Allies) SirEnderWiggin: gold
(29:53 / Allies) Feedback: no team game
(29:55 / Allies) Feedback: FOR WHAT
(31:08 / All) BigJake: great
(31:28 / Allies) ruhmond: out
(31:28 / Allies) ruhmond: out
(31:29 / Allies) ruhmond: out
(31:30 / Allies) ruhmond: out
(31:30 / Allies) ruhmond: no
(31:32 / Allies) ruhmond: we are seperated
(31:33 / Allies) ruhmond: out
(31:47 / Allies) Feedback: main
(33:03 / Allies) Feedback: out
(33:17 / Allies) Feedback: no tp
(33:18 / Allies) Feedback: smair
(34:12 / Allies) Feedback: destroy expo
(34:56 / Allies) Feedback: kill expo and run
(35:20 / Allies) BigJake: don't let them take dragon
(35:32 / Allies) ruhmond: i need zeplemn
(35:46 / Allies) Feedback: to orange expo
(35:47 / Allies) Feedback: better
(37:05 / All) Feedback: orange doing shit again lol
(37:15 / All) Feedback: lol!
(37:24 / All) ItsObamanation: gg
(37:40 / Allies) SirEnderWiggin: 100 gold pls
(37:50 / Allies) SirEnderWiggin: pls
(38:37 / All) ItsObamanation: gg nice strat
(40:09 / Allies) ruhmond: kill blues expos
(40:11 / Allies) ruhmond: we need to kill those
(40:14 / Allies) ruhmond: he will make mroe tanks
(40:19 / Allies) ruhmond: yellow
(40:21 / Allies) ruhmond: make unoits
(40:21 / Allies) ruhmond: wtf
(40:25 / Allies) SirEnderWiggin: KI
(40:31 / Allies) SirEnderWiggin: kill the tank source
(41:58 / Allies) ruhmond: gg yellow
(42:00 / Allies) ruhmond: fuckin scrub
(42:17 / Allies) ruhmond: how bout
(42:19 / Allies) ruhmond: you use
(42:20 / Allies) ruhmond: ur fuckin godl
(42:37 / Allies) ruhmond: you have 7 fuckin k
(42:40 / Allies) ruhmond: wtf are you doing
(42:50 / Allies) ruhmond: GET MORE UNITS YOUI TWERP
(43:02 / Allies) BigJake: calm down it's just a video game
(43:30 / All) ruhmond: some people are just retarded, like wtf is in there skull
(43:37 / All) ruhmond: yellow with 8k gold and 3.4k wood
(43:38 / All) WhereBeJakeAt.: yeah, like noob elf players
(43:38 / All) ruhmond: gg
(43:44 / All) BigJake: lol
(43:51 / All) BigJake: he hogged the dragons
(43:55 / All) ItsObamanation: yay
(43:56 / All) BigJake: maybe he could have let me spend my gold on them
(44:00 / All) ItsObamanation: long game
(44:09 / All) ItsObamanation: killer
(44:18 / All) ItsObamanation: on t the next one
(44:21 / All) ItsObamanation: cyall
(44:40 / All) ItsObamanation: leave please
(44:41 / All) TWEEKINATOR3: saw that coming..
(44:43 / All) ItsObamanation: next game
(44:54 / All) ItsObamanation: leave please give us win
(44:57 / All) Feedback: you are out of gold
(45:09 / All) WhereBeJakeAt.: am I?
(45:14 / All) BigJake: dead dragon
(45:15 / All) WhereBeJakeAt.: idk
(45:17 / All) BigJake: bitch
(45:18 / All) WhereBeJakeAt.: I don't think I'm out of gold
(45:20 / All) WhereBeJakeAt.: to be honest
(45:21 / All) ItsObamanation: leave please
(45:35 / All) ItsObamanation: pink you bastard
(45:38 / All) ItsObamanation: leave pink
(46:14 / Allies) BigJake: focus pally
(46:17 / Allies) BigJake: pally
(47:02 / All) TWEEKINATOR3: he wants gold
(47:06 / All) WhereBeJakeAt.: Orange begging for gold
(47:08 / All) Feedback: orange?
(47:11 / All) Feedback: lol!
(47:11 / All) WhereBeJakeAt.: as if I'd give him mine
(47:12 / All) TWEEKINATOR3: y
(47:14 / All) TWEEKINATOR3: ofc
(47:19 / All) TWEEKINATOR3: the guy that didnt do anything
(47:20 / All) TWEEKINATOR3: all game
(47:22 / All) TWEEKINATOR3: wants gold lol
(48:54 / All) Feedback: leabving bye
(49:00 / All) BigJake: lawl
(49:00 / All) WhereBeJakeAt.: damn
(49:01 / All) WhereBeJakeAt.: red
(49:03 / All) WhereBeJakeAt.: it is us
(49:06 / All) WhereBeJakeAt.: sorry to say
(49:08 / All) WhereBeJakeAt.: and now you must lose
(49:10 / All) WhereBeJakeAt.: same drill
(49:26 / All) WhereBeJakeAt.: lawl
(49:28 / All) BigJake: niggers kept taking the dragons
(49:30 / All) WhereBeJakeAt.: I was the guy on the other team last time
(49:31 / All) BigJake: green couldn't even afford them
(49:38 / All) BigJake: then whined when he had no gold and I wouldn't spend mine LOL
(49:43 / All) BigJake: he could see I was trying to tkae dragons
(49:44 / All) ItsObamanation: please leave yellow
(49:45 / All) WhereBeJakeAt.: I hoard too, I usually don't share
(49:46 / All) BigJake: Uh no
(49:49 / All) BigJake: why would I leave LOL
(49:51 / All) ItsObamanation: you are good yellow
(49:51 / All) WhereBeJakeAt.: but you were suspicious of me
(50:00 / All) WhereBeJakeAt.: so I shared some to look more legitimate
(50:02 / All) ItsObamanation: so we cna play a new game
(50:02 / All) BigJake: I have 15k gold and 5k lumber
(50:04 / All) WhereBeJakeAt.: sometimes I share if in a good mood too
(50:12 / All) WhereBeJakeAt.: or small amounts if my team is behind
(50:20 / All) WhereBeJakeAt.: looked like our team was at the disadvantage this game
(51:52 / All) ItsObamanation: blue tking himself
(51:56 / All) BigJake: you don't say
(54:24 / All) BigJake: the wages of slackerdom is death
(55:28 / All) TWEEKINATOR3: it is
(55:36 / All) WhereBeJakeAt.: Lawl
(55:38 / All) WhereBeJakeAt.: he said ggs
(55:40 / All) WhereBeJakeAt.: after talking for a bit
(55:43 / All) WhereBeJakeAt.: my team lose?
(56:15 / All) WhereBeJakeAt.: who loses?
(56:40 / All) WhereBeJakeAt.: You there?
(57:01 / All) WhereBeJakeAt.: BOBBY
(57:02 / All) BigJake: yo
(57:05 / All) WhereBeJakeAt.: WHO LOSE
(57:11 / All) BigJake: hmm let me havea think
(57:15 / All) BigJake: I'd say my team
(57:17 / All) WhereBeJakeAt.: k
(57:20 / All) BigJake: was there an asshole on yours
(57:29 / All) WhereBeJakeAt.: Orange was an idiot but that's it
(57:34 / All) BigJake: I say my team
(57:36 / All) WhereBeJakeAt.: well we had red from last game but he didn't get pissed at me